 Dungeon Sprint DCSS version 0.26.1-2-gb8aa6d0cf2 (webtiles) character file.

Game seed: 13734389703788585773

19 Monica the Chiller (level 2, -8/33 HPs)
             Began as a Naga Ice Elementalist on Feb 28, 2021.
             Mangled by an iguana (9 damage)
             ... in the Dungeon (Sprint IX: "|||||||||||||||||||||||||||||").
             The game lasted 00:00:40 (307 turns).

Monica the Chiller (Naga Ice Elementalist)           Turns: 307, Time: 00:00:40

Health: -8/33      AC:  1    Str: 10    XL:     2   Next: 75%
Magic:  2/5        EV: 10    Int: 15    God:
Gold:   0          SH:  0    Dex: 11    Spells: 4/5 levels left

rFire    . . .     SeeInvis +   b - +0 dagger
rCold    . . .     Faith    .   (no shield)
rNeg     . . .     Spirit   .   a - +0 robe
rPois    +         Reflect  .   (no helmet)
rElec    .         Harm     .   (no cloak)
rCorr    .         Rampage  .   (no gloves)
Will     .....     NoTele   +   (no barding)
Stlth    ..........             (no amulet)
HPRegen  0.11/turn              (no ring)
MPRegen  0.09/turn              (no ring)

@: berserking (expiring), hasted, quick
A: large, see invisible, deformed body, poison resistance, slowness 2, spit
poison 1, AC +0
a: Spit Poison


You were in the Dungeon.
You visited 1 branch

Inventory:

Hand Weapons
 b - a +0 dagger (weapon)
Armour
 a - a +0 robe (worn)
Scrolls
 h - a scroll of blinking
Potions
 f - 2 potions of magic


   Skills:
 + Level 0.2 Fighting
 + Level 2.0 Dodging
 + Level 3.5 Stealth
 + Level 0.5 Unarmed Combat
 + Level 2.3 Spellcasting
 + Level 6.0 Ice Magic


You had 4 spell levels left.
You knew the following spells:

 Your Spells              Type           Power        Failure   Level
a - Freeze                Ice            76%          1%          1

Your spell library contained the following spells:

 Spells                   Type           Power        Failure   Level
 Frozen Ramparts          Ice            38%          5%          3
 Ozocubu's Armour         Ice            19%          5%          3
 Hailstorm                Conj/Ice       10%          52%         4
 Summon Ice Beast         Ice/Summ       10%          52%         4


Dungeon Overview and Level Annotations

Branches:
Dungeon (1/1)

Altars:


Innate Abilities, Weirdness & Mutations

You cannot wear boots.
Your serpentine skin is tough. (AC +0)
You have supernaturally acute eyesight. (SInv)
Armour fits poorly on your strangely shaped body.
Your system is resistant to poisons. (rPois)
You cover ground very slowly.
You can spit poison.


Message History

You puncture the ufetubus!
You kill the ufetubus!
Your Ice Magic skill increases to level 6!
The iguana closely misses you.
There is an open door here.
You closely miss the iguana. The iguana closely misses you.
You puncture the iguana!
The iguana is severely wounded.
The iguana bites you!
* * * LOW HITPOINT WARNING * * *
You closely miss the iguana.
The iguana is severely wounded.
You barely miss the iguana.
The iguana is severely wounded.
The iguana bites you.
* * * LOW HITPOINT WARNING * * *
You hit the iguana but do no damage.
The iguana is severely wounded.
The iguana bites you!
You die...

▓+▓
▓.▓
▓.▓
▓.▓
▓n▓
▓l▓
▓@▓
▓.▓
▓.▓
▓.▓
▓)▓
▓÷▓
▓'▓
▓.▓
▓.▓


You could see a necrophage and an iguana.

Vanquished Creatures
  A white imp (D)
  An ufetubus (D)
  An orc (D)
  A giant cockroach (D)
  A goblin (D)
  2 kobolds (D)
  A rat (D)
8 creatures vanquished.

Notes
Turn   | Place    | Note
-------+----------+-------------------------------------------
     0 | D        | Monica the Naga Ice Elementalist began the quest for the
                  | Orb.
     0 | D        | Reached XP level 1. HP: 15/15 MP: 3/3
   284 | D        | Noticed a necrophage
   284 | D        | Noticed an iguana
   293 | D        | Reached skill level 5 in Ice Magic
   293 | D        | Reached XP level 2. HP: 17/22 MP: 1/5
   302 | D        | Reached skill level 6 in Ice Magic
   306 | D        | HP: 1/33 [iguana (2)]
   307 | D        | Mangled by an iguana

Illustrated notes

Levels and vault maps discovered:
D:        linesprint [early_d, line_temple, items_1, d_10, items_2, lair_1,
          lair_end, items_3, orc_1, orc_end, items_4, d_15, swamp_1, shoals_1,
          snake_1, spider_1, d_20, vaults_1, items_5, swamp_end, shoals_end,
          snake_end, spider_end, vaults_end, d_27, items_6, zot_1, zot_end,
          crypt_end, forest_end, elf_end, slime_end, tomb_end, abyss_end,
          pan_hell_end]

Skill      XL: |  1  2 |
---------------+-------+-----
Ice Magic      | 5 6 |  6.0
Dodging        | 2 |  2.0
Fighting       | |  0.2
Stealth        | |  3.5
Unarmed Combat | |  0.5
Spellcasting   | |  2.3

Action                   || total
-------------------------++-------
Melee: Unarmed           ||    19
       Dagger            ||    15
 Cast: Freeze            ||     2
 Abil: Spit Poison       ||     4
  Use: Potion            ||     4
 Stab: Sleeping          ||     1
Armor: Robe              ||     3
Dodge: Dodged            ||    27
